 Dungeon Crawl Stone Soup version 0.30.1-3-gfc49f6343a (webtiles) character file.

Game seed: 11982955233801434050

12065 Fodor the Protected (level 11, -13/97 HPs)
             Began as a Minotaur Fighter on July 26, 2023.
             Was an Initiate of Gozag.
             Mangled by a white draconian
             ... wielding a +0 scimitar
              (21 damage)
             ... in an ice cave on July 27, 2023.
             The game lasted 00:55:30 (10039 turns).

Fodor the Protected (Minotaur Fighter)             Turns: 10039, Time: 00:55:33

Health: -13/97     AC: 18    Str: 25    XL:     11   Next: 57%
Magic:  10/10      EV: 14    Int:  5    God:    Gozag
Gold:   1604       SH:  0    Dex: 10    Spells: 10/10 levels left

rFire   . . .        U - +0 shortbow (chaos)
rCold   . . .        (shield currently unavailable)
rNeg    . . .        N - +0 plate armour {rPois}
rPois   +            (helmet restricted)
rElec   .            (no cloak)
rCorr   .            B - +0 pair of gloves
SInv    .            o - +0 pair of boots
Will    +....        l - amulet of regeneration Stlth
                     J - +5 ring of evasion
HPRegen 1.16/turn    (no ring)
MPRegen 0.12/turn

%: no passive effects
@: mighty, silenced, hasted, very quick
A: horns 2, retaliatory headbutt, hooves 1, strong-willed 1, subdued magic 1
a: Renounce Religion


You were in an ice cave.
You worshipped Gozag.
Gozag was most pleased with you.
You visited 2 branches of the dungeon, and saw 12 of its levels.
You also visited: Ice Cave.

You collected 2271 gold pieces.
You spent 636 gold pieces at shops.
You paid 31 gold pieces to Gozag.

Inventory:

Hand Weapons
 a - a +3 heavy battleaxe
 U - a +0 shortbow of chaos (weapon)
Missiles
 f - 3 silver boomerangs
 w - 6 boomerangs
 G - 45 poisoned darts
 Q - 2 atropa-tipped darts
 S - a curare-tipped dart
Armour
 c - a +0 buckler
 o - a +0 pair of boots (worn)
 B - a +0 pair of gloves (worn)
 N - a +0 plate armour of poison resistance (worn)
Jewellery
 l - an amulet of regeneration (around neck)
 J - a +5 ring of evasion (left hand)
 R - a ring of magical power
Wands
 q - a wand of roots (3)
 v - a wand of light (4)
 A - a wand of charming (13)
 C - a wand of flame (27)
 K - a wand of polymorph (1)
 L - a wand of mindburst (17)
Scrolls
 i - 3 scrolls of magic mapping
 k - 4 scrolls of teleportation
 n - a scroll of blinking
 u - a scroll of immolation
 x - 3 scrolls of noise
 E - 3 scrolls of amnesia
 H - a scroll of fear
 I - a scroll of poison
 M - a scroll of summoning
 O - a scroll of fog
Potions
 b - 2 potions of cancellation {unknown}
 h - a potion of mutation
 j - a potion of flight {unknown}
 m - 5 potions of haste
 r - a potion of resistance {unknown}
 s - 2 potions of magic {unknown}
 t - a potion of berserk rage {unknown}
 z - 2 potions of ambrosia {unknown}
 F - a potion of invisibility {unknown}
 P - a potion of brilliance {unknown}
 T - a potion of degeneration {unknown}


   Skills:
 + Level 9.4 Fighting
 + Level 5.8 Long Blades
 + Level 11.4(12.4) Axes
 + Level 8.1(10.9) Maces & Flails
 + Level 0.3 Ranged Weapons
 + Level 0.7 Throwing
 + Level 12.4 Armour
 + Level 3.9 Dodging
 + Level 2.0 Stealth
 + Level 5.8 Shields


You had 10 spell levels left.
You didn't know any spells.
Your spell library contained the following spells:

 Spells                   Type           Power      Damage    Failure   Level
 Beastly Appendage        Tmut           0%         N/A       99%         1
 Cigotuvi's Dreadful Rot  Necr/Pois/Air  0%         N/A       100%        2
 Wereblood                Tmut           0%         N/A       100%        2
 Gell's Gravitas          Tloc           0%         N/A       100%        3
 Ignite Poison            Fire/Tmut/Pois 0%         N/A       100%        3
 Portal Projectile        Hex/Tloc       0%         N/A       100%        3
 Spider Form              Tmut/Pois      0%         N/A       100%        3
 Teleport Other           Tloc           0%         N/A       100%        3
 Tukima's Dance           Hex            0%         N/A       100%        3
 Sticky Flame             Conj/Fire      0%         2d3       100%        4
 Blade Hands              Tmut           0%         N/A       100%        5
 Freezing Cloud           Conj/Ice/Air   0%         6-21      100%        5
 Dispersal                Tloc           0%         N/A       100%        6
 Ignition                 Fire           0%         3d3       100%        8


Dungeon Overview and Level Annotations

Branches:
Dungeon (11/15)            Temple (1/1) D:7             Orc (0/2) D:11
  IceCv (1/1)
   Lair: D:8-11

Altars:
Ashenzari
Cheibriados
Dithmenos
Elyvilon
Fedhas
Gozag
Hepliaklqana
Kikubaaqudgha
Makhleb
Nemelex Xobeh
Okawaru
Qazlal
Ru
Sif Muna
Trog
Uskayaw
Vehumet
Wu Jian
Xom
Yredelemnul
Zin
The Shining One

Shops:
D:1 *   D:2 =

Annotations:
D:11 2 transporters, erynZofia's ghost, journeyman GrHu
Temple 4 transporters IceCv exclusion: 2 ice statues


Innate Abilities, Weirdness & Mutations

You have a pair of horns on your head.
You reflexively headbutt those who attack you in melee.
You have large cloven feet.
You are strong-willed. (Will+)
Your spells are a little easier to cast, but a little less powerful.


Message History

The white draconian breathes frost at you.
The blast of cold hits you!
* * * LOW HITPOINT WARNING * * *
You shoot an arrow.
The arrow hits the white draconian but does no damage.
The white draconian is moderately wounded.
The white draconian hits you but does no damage.
You shoot an arrow.
The arrow hits the white draconian but does no damage.
The white draconian is moderately wounded.
The white draconian closely misses you.
You shoot an arrow.
The arrow barely misses the white draconian.
The arrow hits the rime drake but does no damage.
The white draconian breathes frost at you.
The blast of cold hits you!!
* * * LOW HITPOINT WARNING * * *
The white draconian completely misses you.
You furiously retaliate!
You headbutt the white draconian! You shoot an arrow.
The arrow barely misses the white draconian.
The arrow closely misses the rime drake.
The white draconian completely misses you.
Okay, then.
As you read the scroll of silence, it crumbles to dust.
A profound silence engulfs you. The white draconian closely misses you.
You furiously retaliate!
You headbutt the white draconian.
Magic scrolls do not work when you're silenced!
Unknown command.
It was a potion of mutation.
You feel extremely strange.
Your feet thicken and deform.
Your connection to magic feels subdued.
You feel strong-willed.
You shoot an arrow.
The arrow hits the white draconian but does no damage.
You drain the white draconian.
The white draconian is heavily wounded.
The white draconian hits you but does no damage.
The white draconian hits you with a +0 scimitar!!
You die...
Your body crumbles into a pile of gold.

###........
###....## ##..###
###..##
######...##
##......###
##....#### ### ###
##..#### ##.$$ $
##.###@.##
="...$$$ #.k.Z#d##
$....$ $$ #.##.kk#
......$$###..#####
......###.##...#
#...Z.#......##
#$kkd..####
########


You could see a white draconian (strong, unsilenced, drained) and 2 rime drakes.

Vanquished Creatures
  Josephine (D:10)
  Erica (D:11)
  A centaur warrior (D:10)
  A boulder beetle (D:10)
  A cyclops (D:10)
  Maurice (D:11)
  3 rime drakes
  Psyche (D:9)
  A troll (D:10)
  5 wraiths (D:10)
  Sigmund (D:3)
  2 wyverns
  8 yaks
  A steam dragon (D:8)
  2 acid dragons
  3 water moccasins
  A warg (D:11)
  6 orc warriors
  2 ice beasts (D:7)
  2 ogres
  2 black bears (D:5)
  2 centaurs (D:10)
  The ghost of nroviw the Firebug, an amateur DsFE (D:3)
  4 kobold brigands
  A phantom (D:6)
  A bullfrog (D:8)
  3 scorpions
  3 gnoll sergeants
  9 wights
  14 killer bees
  3 lindwurm simulacra (IceCv)
  3 howler monkeys (D:10)
  7 orc priests
  3 hounds
  4 jellies
  3 komodo dragon simulacra (IceCv)
  2 gnoll boudas
  A sleepcap (D:5)
  2 iguanas
  4 orc wizards
  22 gnolls
  5 adders
  An acid dragon simulacrum (IceCv)
  A shadow imp (D:5)
  3 white imps
  2 ufetubi (D:5)
  6 steam dragon simulacra (IceCv)
  A worm (D:3)
  3 dart slugs
  38 orcs
  3 bats (D:3)
  7 endoplasms
  3 giant cockroaches
  6 hobgoblins
  30 kobolds
  7 quokkas
  4 ball pythons
  2 frilled lizards (D:1)
  7 goblins
  3 rats
270 creatures vanquished.

Vanquished Creatures (collateral kills)
  An orc warrior (D:11)
  An orc (D:11)
2 creatures vanquished.

Grand Total: 272 creatures vanquished

Notes
Turn   | Place    | Note
-------+----------+-------------------------------------------
     0 | D:1      | Fodor the Minotaur Fighter began the quest for the Orb.
     0 | D:1      | Reached XP level 1. HP: 19/19 MP: 0/0
   370 | D:1      | Reached XP level 2. HP: 20/27 MP: 1/1
   573 | D:1      | Found Gaxkato's Assorted Antiques.
   636 | D:1      | Bought a scroll labelled DALIDGH TAOKLAPP for 21 gold
                  | pieces
   729 | D:1      | Reached skill level 4 in Armour
  1410 | D:2      | Reached XP level 3. HP: 32/33 MP: 2/2
  1437 | D:2      | Found Neretaor's Jewellery Shoppe.
  1904 | D:3      | Noticed Sigmund
  1931 | D:3      | Killed Sigmund
  1932 | D:3      | Reached skill level 5 in Armour
  1932 | D:3      | Reached skill level 1 in Dodging
  1932 | D:3      | Reached XP level 4. HP: 23/41 MP: 3/3
  1932 | D:3      | Reached XP level 5. HP: 26/47 MP: 4/4
  1971 | D:3      | Found a shimmering altar of Xom.
  1973 | D:3      | Found a shimmering altar of Xom.
  1974 | D:3      | Found a shimmering altar of Xom.
  2004 | D:3      | Found a shimmering altar of Xom.
  2008 | D:3      | Found a shimmering altar of Xom.
  2106 | D:3      | Found a runed translucent gate.
  2106 | D:3      | Found a runed translucent gate.
  2107 | D:3      | Found a runed translucent gate.
  2108 | D:3      | Noticed nroviw's ghost (amateur DsFE)
  2359 | D:3      | Found an opulent altar of Gozag.
  2365 | D:3      | Became a worshipper of Gozag Ym Sagoz the Greedy
  2400 | D:3      | Found a basalt altar of Yredelemnul.
  2403 | D:3      | Found an iron altar of Okawaru.
  2406 | D:3      | Found a shimmering blue altar of Sif Muna.
  2413 | D:3      | Found a sparkling altar of Nemelex Xobeh.
  2812 | D:4      | Found a hazy altar of Hepliaklqana.
  2893 | D:4      | Identified the +1 whip "Kitaps" {flame, rPois Str+2}
  3078 | D:4      | Reached skill level 5 in Long Blades
  3133 | D:4      | Reached XP level 6. HP: 53/53 MP: 5/5
  3357 | D:5      | Entered Level 5 of the Dungeon
  3427 | D:5      | Reached skill level 1 in Maces & Flails
  3654 | D:5      | Reached skill level 6 in Armour
  3761 | D:5      | Found a radiant altar of Vehumet.
  3800 | D:5      | Reached XP level 7. HP: 54/60 MP: 6/6
  3832 | D:5      | Reached skill level 1 in Stealth
  4022 | D:5      | Reached skill level 5 in Fighting
  4022 | D:5      | Reached skill level 7 in Armour
  4041 | D:5      | Reached XP level 8. HP: 54/68 MP: 7/7
  4379 | D:5      | Found a blossoming altar of Fedhas.
  4404 | D:5      | Reached skill level 5 in Maces & Flails
  5122 | D:6      | You fall into a shaft and drop 3 floors!
  5176 | D:8      | Reached skill level 5 in Shields
  5246 | D:7      | Reached skill level 8 in Armour
  5735 | D:6      | Reached XP level 9. HP: 72/75 MP: 8/8
  5805 | D:6      | Reached skill level 9 in Armour
  6040 | D:1      | Bought a scroll labelled VORA TI LOCKI for 21 gold pieces
  6040 | D:1      | Bought a scroll labelled VUECEM LOFI for 21 gold pieces
  6040 | D:1      | Bought a scroll of identify for 42 gold pieces
  6040 | D:1      | Bought a potion of curing for 63 gold pieces
  6153 | D:3      | Killed nroviw's ghost
  6196 | D:2      | Bought a +5 ring of evasion for 468 gold pieces
  6596 | D:7      | Found a staircase to the Ecumenical Temple.
  6694 | Temple   | Entered the Ecumenical Temple
  6694 | Temple   | Found a transporter.
  6694 | Temple   | Found a transporter.
  6696 | Temple   | Found a transporter.
  6696 | Temple   | Found a transporter.
  6879 | D:7      | Found a hide-covered altar of Uskayaw.
  7309 | D:8      | Reached skill level 10 in Armour
  7477 | D:8      | Reached skill level 1 in Axes
  7628 | D:8      | Found an ancient bone altar of Kikubaaqudgha.
  8072 | D:9      | Reached XP level 10. HP: 74/86 MP: 9/9
  8235 | D:9      | Reached skill level 5 in Axes
  8329 | D:9      | Noticed Psyche
  8334 | D:9      | Killed Psyche
  8804 | D:10     | Entered Level 10 of the Dungeon
  8879 | D:10     | Reached skill level 11 in Armour
  8889 | D:10     | Noticed a cyclops
  8890 | D:10     | Noticed Josephine
  8896 | D:10     | Noticed a boulder beetle
  8897 | D:10     | Killed Josephine
  8910 | D:10     | Killed a cyclops
  8914 | D:10     | Killed a boulder beetle
  8914 | D:10     | Noticed a centaur warrior
  8915 | D:10     | Reached XP level 11. HP: 40/95 MP: 10/10
  8921 | D:10     | Killed a centaur warrior
  8922 | D:10     | Reached skill level 10 in Axes
  9437 | D:10     | Identified the +5 leather armour "Zebuj" {Dex+3 Stlth+}
  9613 | D:11     | Noticed a boulder beetle
  9618 | D:11     | Noticed erynZofia's ghost (journeyman GrHu)
  9628 | D:11     | Found a transporter.
  9641 | D:11     | Found a transporter.
  9663 | D:11     | Noticed Erica
  9669 | D:11     | Found a staircase to the Orcish Mines.
  9682 | D:11     | HP: 2/97 [something/bolt of light (17)]
  9689 | D:11     | Reached skill level 12 in Armour
  9692 | D:11     | Killed Erica
  9797 | D:11     | Found a frozen archway.
  9798 | D:11     | Noticed Maurice
  9819 | D:11     | Killed Maurice
  9858 | IceCv    | Entered an ice cave
 10002 | IceCv    | Noticed a white draconian
 10035 | IceCv    | HP: 4/97 [white draconian/blast of cold (22)]
 10038 | IceCv    | Gained mutation: You have large cloven feet. [potion of
                  | mutation]
 10038 | IceCv    | Gained mutation: Your spells are a little easier to cast,
                  | but a little less powerful. [potion of mutation]
 10038 | IceCv    | Gained mutation: You are strong-willed. (Will+) [potion of
                  | mutation]
 10039 | IceCv    | Mangled by a white draconian

Illustrated notes

Levels and vault maps discovered:
D:1:      minmay_arrival_up_and_down, layout_loops_ring, serial_shops,
          nicolae_shop_stone, roderic_roman_lattice
D:2:      layout_basic, serial_shops, shop, minmay_tiny_reverse_x
D:3:      layout_loops_cross, xom_redecorated,
          nicolae_gozag_cash_rules_everything_around_me,
          grunt_temple_overflow_open, ebering_ghost_rock_garden, uniq_sigmund
D:4:      layout_cave_pools, nzn_hepliaklqana_mist_gate, serial_column_ruins,
          column_ruins_pillar_1, column_ruins_pillar_6, column_ruins_pillar_4,
          column_ruins_pillar_9, column_ruins_pillar_1, column_ruins_pillar_3,
          column_ruins_pillar_6, column_ruins_pillar_2, column_ruins_pillar_1,
          column_ruins_pillar_2, column_ruins_pillar_2, column_ruins_pillar_6,
          column_ruins_pillar_2, column_ruins_pillar_1, column_ruins_pillar_1,
          column_ruins_pillar_8, column_ruins_pillar_2, column_ruins_pillar_1
D:5:      minmay_general_purpose_star, layout_basic, fiery_altar_vehumet,
          fedhas_altar_fruit_tree, chequers_serial_rivers_micro_a
D:6:      layout_cave_pools, hangedman_abyss_or_decor_lesser_grid,
          serial_bayou_pond_a
D:7:      layout_cave_pools, kennysheep_little_box,
          minmay_temple_entry_mini_moons, serial_rivers,
          chequers_serial_rivers_room_b, chequers_serial_rivers_micro_b,
          chequers_serial_rivers_micro_a, chequers_serial_rivers_small_3,
          chequers_serial_rivers_micro_c
D:8:      layout_gridville, kiku_gazebo_pond_becter, minmay_lindwurm_lava
D:9:      layout_basic, uniq_psyche
D:10:     minmay_chambers_of_sixes, layout_basic, eino_tiny_chamber,
          chequers_serial_rivers_large_a, uniq_josephine
D:11:     layout_gridville, dpeg_oklobed_lair, david_orc_3, serial_shops,
          nicolae_inconvenience_store, nzn_ghost_randoct, portal_ice_cave_rime,
          hangedman_decor_growths, eino_small_chamber_without_monster,
          nicolae_shop_firing_range, uniq_maurice, uniq_erica
Temple:   hellmonk_temple_divided_pantheon
IceCv:    ice_cave_small_dragons

Skill      XL: |  1  2  3  4  5  6  7  8  9 10 11 |
---------------+----------------------------------+-----
Fighting       | 4 5 6 7 8 9 |  9.4
Armour         | 4 5 6 7 8 10 11 12 | 12.4
Long Blades    | 4 5 |  5.8
Dodging        | 1 2 3 |  3.9
Shields        | 4 5 |  5.8
Maces & Flails | 2 4 6 8 |  8.1
Stealth        | 1 2 |  2.0
Axes           | 3 9 11 | 11.4
Ranged Weapons | |  0.3
Throwing       | |  0.7

Action                     |  1- 3 |  4- 6 |  7- 9 | 10-12 || total
---------------------------+-------+-------+-------+-------++-------
  Melee: Long sword        |    85 |    33 |       |       ||   118
         Headbutt          |    11 |    14 |    62 |    13 ||   100
         Whip              |       |    61 |   285 |       ||   346
         Battleaxe         |       |       |    21 |   129 ||   150
         Hand axe          |       |       |    20 |       ||    20
   Fire: Shortbow          |       |       |       |    15 ||    15
  Throw: Boomerang         |       |       |     5 |       ||     5
    Use: Scroll            |       |     3 |     8 |     9 ||    20
         Potion            |       |       |     1 |    12 ||    13
   Stab: Distracted        |       |       |     2 |       ||     2
 Armour: Chain mail        |    50 |    62 |    94 |       ||   206
         Scale mail        |     4 |       |       |       ||     4
         Plate armour      |       |       |    40 |   138 ||   178
  Dodge: Dodged            |    22 |    46 |   235 |   169 ||   472
  Block: Buckler           |    16 |    23 |    58 |       ||    97
